Map: Abyssal Reef LE

Players

Tellus

  • Race: Terran Terran
  • League: Diamond
  • Spawn Location: 5:00

MacZero - Winner!

  • Race: Protoss Protoss
  • League: Diamond
  • Spawn Location: 11:00

VOD

Have the link to the VOD?

Description

Time

  • Played on: Nov. 15, 2017, 11:14 a.m.
  • Length: 5:07
Show
View Real Time Build Order
Export as new Build Order

Tellus Terran 

Build Orders: Reaper Expand 

Get SALT Encoding   

  12  0:00  SCV  
  13  0:13  SCV  
  14  0:17  Supply Depot  
  14  0:25  SCV  
  15  0:28  Refinery  
  15  0:39  SCV  
  16  0:46  Barracks  
  16  0:51  SCV  
  17  1:03  SCV  
  18  1:16  SCV  
  19  1:36  Reaper, Orbital Command  
  20  1:50  Command Center  
  20  2:02  Factory  
  20  2:04  SCV  
  21  2:10  Refinery  
  21  2:22  Barracks Reactor  
  21  2:23  SCV  
  21  2:27  Supply Depot  
  22  2:37  SCV  
  23  2:48  Widow Mine  
  23  2:50  SCV  
  23  2:51  Starport  
  26  2:57  Bunker  
  26  3:00  Marine x2  
  26  3:02  SCV  
  29  3:08  Orbital Command  
  28  3:24  Marine x2  
  28  3:25  Widow Mine  
  32  3:37  SCV x2  
  34  3:49  SCV, Bunker  
  34  3:54  Marine x2  
  34  3:56  Cyclone  
  34  3:58  Orbital Command  
  33  4:13  Marine x2  
  36  4:17  SCV  
  36  4:21  Viking  
  36  4:23  Barracks  
  38  4:24  Barracks  
  38  4:36  SCV  
  38  4:38  Orbital Command  
  36  4:46  Marine  
  36  4:47  Marine  
Show
View Real Time Build Order
Export as new Build Order

MacZero Protoss - Winner!

Build Orders:  

Get SALT Encoding   

  12  0:02  Probe  
  13  0:14  Probe  
  13  0:19  Pylon  
  14  0:27  Probe  
  15  0:39  Probe  
  15  0:40  Gateway  
  16  0:51  Probe  
  16  0:53  Assimilator  
  17  0:57  Assimilator  
  17  1:03  Probe  
  18  1:15  Probe  
  19  1:27  Probe (Chrono Boost)  
  19  1:29  Cybernetics Core  
  21  1:41  Probe (Chrono Boost)  
  21  1:43  Probe  
  22  1:49  Pylon  
  22  1:55  Probe  
  23  2:06  Warp Gate (Chrono Boost)  
  19  2:08  Stalker (Chrono Boost)  
  23  2:15  Stargate  
  25  2:17  Gateway  
  25  2:26  Pylon  
  25  2:28  Stalker  
  27  2:58  Stalker  
  29  3:00  Pylon  
  29  3:11  Stalker  
  31  3:45  Void Ray  
  35  4:00  Gateway  
  35  4:02  Probe  
  34  4:22  Probe  
  35  4:26  Robotics Facility  
  35  4:30  Stalker x2  
  37  5:06  Stalker x2  
Tags
 
Add a new tag
Caveats
  • Supply blocks, unpowered buildings, or Contaminate may cause inaccurate times.
  • Supply counts are checked every 10 seconds.